 Dungeon Crawl Stone Soup version 0.22-a0-866-geee50340df (console) character file.

28 Lexodia the Ruffian (level 3, -1/33 HPs)
             Began as a Ghoul Monk on July 28, 2018.
             Slain by a kobold
             ... wielding a +0 club
              (4 damage)
             ... on level 2 of the Dungeon.
             The game lasted 00:01:06 (809 turns).

Lexodia the Ruffian (Ghoul Monk)                     Turns: 809, Time: 00:01:06

Health: -1/33      AC:  2    Str: 15    XL:     3   Next: 14%
Magic:  2/2        EV: 13    Int:  5    God:
Gold:   20         SH:  0    Dex: 11    Spells: 2/2 levels left

rFire    . . .     SeeInvis .     - Unarmed
rCold    + . .     Gourm    .   (no shield)
rNeg     + + +     Faith    .   a - +0 robe
rPois    ∞         Spirit   .   (no helmet)
rElec    .         Reflect  .   (no cloak)
rCorr    .         Harm     .   (no gloves)
MR       .....                  (no boots)
Stlth    ++........             (no amulet)
HPRegen  0.00/turn              (no ring)
MPRegen  0.08/turn              (no ring)

@: rotting
A: rotting body, claws 1, carnivore, cold resistance 1, negative energy
resistance 3, inhibited regeneration, torment resistance, unbreathing
a: no special abilities


You were on level 2 of the Dungeon.
You were not hungry.

You visited 1 branch of the dungeon, and saw 2 of its levels.

You collected 20 gold pieces.

Inventory:

Armour
 a - a +0 robe (worn)
Scrolls
 c - a scroll of immolation {unknown}
Potions
 e - a potion of degeneration {unknown}
 f - a potion of magic {unknown}
Comestibles
 b - 3 rations


   Skills:
 + Level 3.6 Fighting
 - Level 3.0 Dodging
 - Level 2.1 Stealth
 * Level 4.0 Unarmed Combat


You had 2 spell levels left.
You didn't know any spells.
Your spell library was empty.

Dungeon Overview and Level Annotations

Branches:
Dungeon (2/15)

Altars:


Innate Abilities, Weirdness & Mutations

Your body is rotting away.
You thrive on raw meat.
You are immune to poison.
You have sharp fingernails.
You are carnivorous and can eat meat at any time.
Your flesh is cold resistant. (rC+)
You are immune to negative energy. (rN+++)
You do not regenerate when monsters are visible.
You are immune to unholy pain and torment.
You can survive without breathing.


Message History

Huge Dmg: -15%(-5hp) hp: 7%(2hp)
There is a stone staircase leading up here.
Found a ration.
You see here a jackal corpse.
You butcher the jackal corpse.
You see here a chunk of flesh.
Eat a chunk of flesh? (ye/n/q)
You eat the chunk of flesh.
This raw flesh tastes great!
The kobold barely misses you.
You see here a bat corpse.
You butcher the bat corpse.
The kobold barely misses you.
You see here a chunk of flesh.
Eat a chunk of flesh? (ye/n/q)
You eat the chunk of flesh.
This raw flesh tastes great!
The kobold hits you with a club.
* * * LOW HITPOINT WARNING * * *
Huge Dmg: -12%(-4hp) hp: 10%(3hp)
You see here a quokka corpse.
You butcher the quokka corpse.
The kobold hits you with a club.
You die...

..##. .. ....# #.#
..... %. . #.
..###.# .. ###.
...#.###...
..##...###.........
.%..$...........(..
#@Kw....# #
#.####.## #.
#.##<..#
##..#.?w.###
#.....#### #.##...#
....... ##.##....#
#. .##.#


You could see a dart slug and a kobold.

Vanquished Creatures
  A dart slug (D:1)
  2 leopard geckos
  A bat (D:2)
  3 goblins (D:1)
  2 hobgoblins
  7 jackals
  A quokka (D:2)
  3 rats (D:1)
20 creatures vanquished.

Notes
Turn   | Place    | Note
-------+----------+-------------------------------------------
     0 | D:1      | Lexodia the Ghoul Monk began the quest for the Orb.
     0 | D:1      | Reached XP level 1. HP: 19/19 MP: 0/0
   304 | D:1      | Reached XP level 2. HP: 22/26 MP: 1/1
   780 | D:2      | Reached XP level 3. HP: 19/31 MP: 2/2
   785 | D:2      | Huge Dmg: 3 dmg
   785 | D:2      | Reached skill level 4 in Unarmed Combat
   786 | D:2      | Huge Dmg: 3 dmg
   789 | D:2      | Huge Dmg: 2 dmg
   797 | D:2      | Huge Dmg: 5 dmg
   808 | D:2      | Huge Dmg: 4 dmg
   809 | D:2      | Slain by a kobold

Vault maps used:
D:1:      kennysheep_arrival_seaside, bh_walls_and_bars
D:2:      yredelemnul_altar_generic

Skill      XL: |  1  2  3 |
---------------+----------+-----
Dodging        | 3 |  3.0
Unarmed Combat | 4 |  4.0
Fighting       | |  3.6
Stealth        | |  2.1

Action                   || total
-------------------------++-------
Melee: Unarmed           ||    68
 Stab: Sleeping          ||     2
  Eat: Chunk             ||     5
Armor: Robe              ||     5
Dodge: Dodged            ||    59

Table legend:
 A = Spawn XP
 B = Non-spawn XP
 C = Spawn XP percentage of total XP
 D = Spawn monster count
 E = Non-spawn monster count
 F = Spawn count percentage of total count
 G = Total turns spent on level
                    A         B        C        D         E        F      G
               +---------+---------+-------+---------+---------+-------+---------
         Total |       0 |      41 |   0.0 |       0 |      20 |   0.0 |   809
               +---------+---------+-------+---------+---------+-------+---------
           D:1 |       0 |      26 |   0.0 |       0 |      13 |   0.0 |   747
           D:2 |       0 |      15 |   0.0 |       0 |       7 |   0.0 |    62
               +---------+---------+-------+---------+---------+-------+---------
